 Dungeon Crawl Stone Soup version 0.30-a0-777-ga9a30cbeda (console) character file.

Game seed: 17357137759870935732

66 rlgrobin the Covered (level 3, -2/32 HPs)
             Began as an Armataur Fighter on Feb 15, 2023.
             Was an Initiate of Cheibriados.
             Slain by an orc
             ... wielding a +0 trident
              (7 damage)
             ... on level 4 of the Dungeon.
             The game lasted 00:02:22 (333 turns).

rlgrobin the Covered (Armataur Fighter)              Turns: 333, Time: 00:02:23

Health: -2/32      AC:  6    Str: 22    XL:     3   Next: 96%
Magic:  3/3        EV:  7    Int:  9    God:    Cheibriados [......]
Gold:   25         SH:  4    Dex: 12    Spells: 2/2 levels left

rFire   . . .      SeeInvis .    a - +0 war axe
rCold   . . .      Faith    .    c - +0 buckler
rNeg    . . .      Spirit   .    b - +0 scale mail
rPois   .          Reflect  .    (no helmet)
rElec   .          Harm     .    (no cloak)
rCorr   .          Roll     +    (no gloves)
Will    .....                    (no barding) Stlth
                                 (no amulet)
HPRegen 0.25/turn                (no ring)
MPRegen 0.08/turn                (no ring)

@: mighty, very slow
A: large, rugged brown scales 3, deformed body, armoured tail, roll, long
tongue, awkward tongue
a: Renounce Religion


You were on level 4 of the Dungeon.
You worshipped Cheibriados.
Cheibriados was noncommittal.
You visited 2 branches of the dungeon, and saw 5 of its levels.

You collected 25 gold pieces.

Inventory:

Hand Weapons
 a - a +0 war axe (weapon)
Armour
 b - a +0 scale mail (worn)
 c - a +0 buckler (worn)
Scrolls
 f - 2 scrolls of blinking {unknown}
 h - a scroll of teleportation {unknown}
Potions
 e - a potion of ambrosia {unknown}
 g - a potion of brilliance {unknown}
 i - a potion of flight {unknown}


   Skills:
 - Level 2.6 Fighting
 + Level 3.5 Axes
 - Level 3.6 Armour
 - Level 3.2 Shields


You had 2 spell levels left.
You didn't know any spells.
Your spell library contained the following spells:

 Spells                   Type           Power      Damage    Failure   Level
 Necrotise                Necr           0%         1d4       78%         1
 Dazzling Flash           Conj/Hex       0%         N/A       98%         3
 Vampiric Draining        Necr           0%         2d6       98%         3
 Agony                    Necr           0%         N/A       100%        5
 Silence                  Hex/Air        0%         N/A       100%        5


Dungeon Overview and Level Annotations

Branches:
Dungeon (4/15)             Temple (1/1) D:4

Altars:
Ashenzari
Cheibriados
Dithmenos
Elyvilon
Fedhas
Hepliaklqana
Kikubaaqudgha
Makhleb
Ru
Sif Muna
Vehumet
Zin

Portals:
Sewer: D:4


Innate Abilities, Weirdness & Mutations

You are completely covered in rugged brown scales. (AC +3, +7% HP)
Armour fits poorly on your strangely shaped body.
You have a long armoured tail.
You roll when moving toward enemies. (Rampage)
Your long tongue fully drains potion bottles. (2x potion effects)
Your tongue gives you trouble enunciating. (1.5x scroll delay)


Message History

Cheibriados appreciates the change of pace.
You roll towards the orc!
An orc comes into view. It is wielding a +0 dagger.
The orc priest shouts!
You hit the orc.
The orc is moderately wounded.
The orc hits you but does no damage.
An orc wizard comes into view. It is wielding a +0 dagger.
You closely miss the orc.
The orc is moderately wounded.
The orc wizard shouts!
The orc barely misses you.
An orc comes into view. It is wielding a +0 trident.
The orc priest looks satisfied for a moment.
You roll towards the orc priest!
The orc shouts!
You hear a bark! x2
A jackal comes into view.
You slash the orc!
You kill the orc!
Cheibriados appreciates the change of pace.
You hit the orc but do no damage. The orc barely misses you.
You slash the orc priest!
The orc priest is almost dead.
You barely miss the orc wizard. You hit the orc.
The orc priest hits you but does no damage.
The orc wizard hits you but does no damage.
The orc hits you with a +0 dagger.
The orc wizard hits you but does no damage.
The orc hits you but does no damage. You block the orc's attack.
The orc priest calls down the wrath of Beogh upon you.
Pain shoots through your body!
* * * LOW HITPOINT WARNING * * *
You closely miss the orc priest.
The orc priest is almost dead.
You slash the orc wizard! You barely miss the orc.
A jackal comes into view.
You block the orc's attack. You block the orc priest's attack.
The orc wizard closely misses you.
The orc hits you from afar with a +0 trident!
You die...

....#............#
P.wP#............# #
.................######.
##.##...††..#.8.##......
.......†................
............8†>.8..#....
~~.....w.....††...#..#
~~~....o....#.8.#...####
~~~....@................
~~~~..oo.......##.###...
∩~~~...oh......##.# #.
#####........[....###.#
.....................
............###.###..
..#..............#
##..h...........### ###
..............# #..


You could see an orc priest, an orc wizard, a dart slug, 2 orcs and 2 jackals.

Vanquished Creatures
  A jelly (D:4)
  An adder (D:4)
  A worm (D:3)
  2 orcs (D:4)
  3 ball pythons
  An endoplasm (D:1)
  3 giant cockroaches
  2 hobgoblins
  2 jackals (D:4)
  7 rats
23 creatures vanquished.

Vanquished Creatures (others)
  2 plants (D:4)
2 creatures vanquished.

Grand Total: 25 creatures vanquished

Notes
Turn   | Place    | Note
-------+----------+-------------------------------------------
     0 | D:1      | rlgrobin the Armataur Fighter began the quest for the Orb.
     0 | D:1      | Reached XP level 1. HP: 19/19 MP: 1/1
   135 | D:3      | Reached XP level 2. HP: 23/26 MP: 2/2
   217 | D:4      | Found a staircase to the Ecumenical Temple.
   229 | Temple   | Entered the Ecumenical Temple
   268 | Temple   | Became a worshipper of Cheibriados the Contemplative
   306 | D:4      | Reached XP level 3. HP: 21/32 MP: 3/3
   324 | D:4      | Found a glowing drain.
   333 | D:4      | Slain by an orc

Illustrated notes

Levels and vault maps discovered:
D:1:      dpeg_arrival_stone_temple_mockup, layout_basic
D:2:      layout_basic, basic_altar
D:3:      layout_basic, old_standard_altar, minmay_misc_feat_four_crosses,
          uniq_crazy_yiuf_cottage
D:4:      cheibrodos_old_hovel, layout_rooms,
          minmay_temple_entry_statues_pillars, portal_sewer_entry_b,
          grunt_ministairs_9, uniq_duvessa
Temple:   nicolae_temple_godzebo

Skill      XL: |  1  2  3 |
---------------+----------+-----
Axes           | 2 3 |  3.5
Fighting       | |  2.6
Armour         | |  3.6
Shields        | |  3.2

Action                     || total
---------------------------++-------
  Melee: War axe           ||    65
         Tailslap          ||     4
    Use: Potion            ||     1
 Armour: Scale mail        ||    47
  Dodge: Dodged            ||    30
  Block: Buckler           ||    14

Table legend: (Time is in decaauts)
 A = Elapsed time spent in this place.
 B = Non-inter-level travel time spent in this place.
 C = Inter-level travel time spent in this place.
 D = Time resting spent in this place.
 E = Time spent auto-exploring this place.
 F = Levels seen in this place.
 G = Mean time per level.
                   A        B        C        D        E       F      G
               +--------+--------+--------+--------+--------+-----+--------+
         Total |    370 |    370 |      0 |      0 |      0 |   5 |   74.0 |
       Dungeon |    292 |    292 |      0 |      0 |      0 |   4 |   73.0 |
        Temple |     78 |     78 |      0 |      0 |      0 |   1 |   78.0 |
               +--------+--------+--------+--------+--------+-----+--------+

Top non-repeatable levels by time:
     D:4: 137 daAuts
  Temple: 78 daAuts
     D:1: 77 daAuts
     D:3: 48 daAuts
     D:2: 28 daAuts
